 Dungeon Crawl Stone Soup version 0.17-a0-1324-ga541562 (webtiles) character file.

124 ololoev the Slasher (level 5, -5/38 HPs)
             Began as a Formicid Skald on June 9, 2015.
             Slain by an iguana (6 damage)
             ... on level 3 of the Dungeon.
             The game lasted 00:07:39 (3605 turns).

ololoev the Slasher (Formicid Skald)                Turns: 3605, Time: 00:07:40

Health: -5/38      AC:  6    Str: 16    XL:     5   Next: 30%
Magic:  8/8        EV:  9    Int: 13    God:
Gold:   148        SH:  0    Dex: 10    Spells: 2 memorised, 5 levels left

rFire  . . .     SeeInvis +     a - +1 falchion
rCold  . . .     Clarity  +     r - +0 scale mail (curse)
rNeg   . . .     SustAt   .     (no shield)
rPois  .         Gourm    .     (helmet unavailable)
rElec  .         Spirit   .     (no cloak)
rCorr  .         Warding  .     (no gloves)
rMut   .         Stasis   +     (no boots)
MR     .....                    i - amulet of clarity
Stlth  ..........               (no ring)
                                (no ring)

@: not resistant to hostile enchantments, extremely unstealthy
A: permanent stasis, dig shafts and tunnels, four strong arms, antennae 3
a: Dig, Shaft Self


Innate Abilities, Weirdness & Mutations

You are under a permanent stasis effect.
You can dig through walls and to a lower floor.
Your four strong arms can wield two-handed weapons with a shield.
You have a pair of large antennae on your head (SInv).

Inventory:

Hand weapons
 a - a +1 falchion (weapon)
 h - a +0 dagger of protection
Missiles
 f - 2 silver javelins (quivered)
Armour
 r - a cursed +0 scale mail (worn)
Jewellery
 i - an amulet of clarity (around neck)
Scrolls
 b - a scroll of enchant armour {unknown}
 e - a scroll of amnesia {unknown}
 g - a scroll of enchant weapon
 j - a scroll of random uselessness {unknown}
 m - a scroll of recharging
 q - a scroll of immolation {unknown}
 t - a scroll of teleportation {unknown}
Potions
 l - 2 potions of brilliance
 n - a potion of heal wounds
 o - a potion of curing
Books
 c - a book of Battle

   Spells                             Type                      Level
   a - Infusion                       Charms                       1
   b - Shroud of Golubria             Charms/Translocation         2
   c - Song of Slaying                Charms                       2
   d - Spectral Weapon                Hexes/Charms                 3
   e - Regeneration                   Charms/Necromancy            3
Comestibles
 d - a bread ration
 u - a beef jerky


   Skills:
 - Level 2.1 Fighting
 * Level 4.2 Long Blades
 + Level 3.0 Armour
 - Level 0.8 Dodging
 - Level 2.1 Spellcasting
 - Level 3.0 Charms


You had 5 spell levels left.
You knew the following spells:

 Your Spells              Type           Power        Failure   Level  Hunger
a - Infusion              Chrm           #.....       28%         1    ##.....
b - Song of Slaying       Chrm           #.......     38%         2    ###....


You were on level 3 of the Dungeon.
You were not hungry.

You visited 1 branch of the dungeon, and saw 3 of its levels.

You collected 148 gold pieces.

###.......#.#.#.#.#.#...
...........#.#.#.#.#.#.#
##.......#.#.#.#.#.#.#.
#.#..<#..#.#.#.#.#.#.#
#.>.....#.#.#.#.#.#.#.
#...#.##.#.#.#.#.#.#.#
#..##...#.#.#.#.#.#.#.
#.....#..#.#.#.#.#.#.#
##.##@#.#.#.#.#.#.#.#.
#...#l#..#.#.#.#.#.#.#
#..)....#.#.#.#.#.#.#.
#...#.#..#.#.#.#.#.#.#
#...#.#.#.#.#.#.#.#.#.
#...#.#..#.#.#.#.#.#.#
#...#.#.#.#.#.#.#.#.#.
.....#.#..#.#.#.#.#.#.#
......#...#.#.#.#.#.#.#.

Notes
Turn   | Place    | Note
--------------------------------------------------------------
     0 | D:1      | ololoev the Formicid Skald began the quest for the Orb.
     0 | D:1      | Reached XP level 1. HP: 16/16 MP: 3/3
    61 | D:1      | Reached XP level 2. HP: 9/22 MP: 5/5
   696 | D:1      | Reached XP level 3. HP: 27/27 MP: 6/6
  1521 | D:2      | Found a sacrificial altar of Ru.
  1521 | D:2      | Found a shimmering altar of Xom.
  1577 | D:2      | Reached XP level 4. HP: 14/33 MP: 7/7
  1988 | D:2      | Found a glowing golden altar of the Shining One.
  2368 | D:2      | Learned a level 2 spell: Song of Slaying
  2718 | D:3      | Reached skill level 4 in Long Blades
  2718 | D:3      | Reached XP level 5. HP: 12/38 MP: 8/8
  3604 | D:3      | HP: 1/38 [iguana (12)]
  3605 | D:3      | Slain by an iguana

Dungeon Overview and Level Annotations

Branches:
Dungeon (3/15)

Altars:
Ru
Xom
The Shining One


Message History

You are too injured to fight recklessly!
You are too injured to fight recklessly!
You are too injured to fight recklessly!
You are too injured to fight recklessly!
You are too injured to fight recklessly!
You are too injured to fight recklessly!
You are too injured to fight recklessly!
You are too injured to fight recklessly!
You are too injured to fight recklessly!
Drink which item? (? for menu, Esc to quit)
Okay, then.
Wield which item (- for none, * to show all)? (? for menu, Esc to quit)
You feel less protected.
a - a +1 falchion (weapon)
The iguana closely misses you.
You slash the iguana!
The iguana is severely wounded.
The iguana bites you.
You hit the iguana but do no damage.
The iguana is severely wounded.
The iguana bites you!
Drink which item? (? for menu, Esc to quit)
You feel much better. The iguana bites you.
You hit the iguana but do no damage.
The iguana is severely wounded.
The iguana hisses menacingly.
The iguana bites you!
You closely miss the iguana.
The iguana is severely wounded.
The iguana bites you.
You hit the iguana.
The iguana is almost dead.
The iguana barely misses you.
You hit the iguana.
The iguana is almost dead.
The iguana bites you!
You closely miss the iguana.
The iguana is almost dead.
The iguana bites you.
You die...

You could see an iguana.

Vanquished Creatures
  A worker ant (D:3)
  4 adders
  An ooze (D:1)
  A worm (D:2)
  4 giant geckos (D:1)
  2 orcs (D:3)
  2 ball pythons
  8 bats
  5 giant cockroaches
  3 hobgoblins
  7 jackals
  5 kobolds
  A quokka (D:2)
  3 giant newts
  3 goblins
  8 rats
58 creatures vanquished.

Action                   |  1- 3 |  4- 6 || total
-------------------------+-------+-------++-------
Melee: Falchion          |    58 |     7 ||    65
       Dagger            |   156 |   241 ||   397
Throw: Javelin           |     2 |       ||     2
 Abil: Dig               |     1 |       ||     1
  Use: Scroll            |       |     9 ||     9
       Potion            |       |     2 ||     2
  Eat: Bread ration      |     1 |       ||     1
       Chunk             |       |     5 ||     5

Vault maps used:
D:1:      lightli_arrival_lavapool
D:2:      nicolae_overflow_crystal_walls, gammafunk_temple_overflow_wave
D:3:      nicolae_tso_swordbearing_angel
